 Dungeon Crawl Stone Soup version 0.30-a0-568-g124715a40b (webtiles) character file.

Game seed: 16719570654389292133

4400 drugrobin the Martial Artist (level 9, -4/78 HPs)
             Began as a Demigod Delver on Dec 29, 2022.
             Slain by an orc warrior
             ... wielding a +0 halberd
              (13 damage)
             ... on level 8 of the Dungeon.
             The game lasted 00:19:59 (8963 turns).

drugrobin the Martial Artist (Demigod Delver)       Turns: 8963, Time: 00:20:00

Health: -4/78      AC:  5    Str: 23    XL:     9   Next: 91%
Magic:  11/11      EV: 12    Int: 16    God:
Gold:   330        SH:  9    Dex: 19    Spells: 4/8 levels left

rFire   + . .      SeeInvis .      - Unarmed
rCold   + . .      Faith    .    m - +0 buckler
rNeg    . . .      Spirit   .    J - +2 robe {rC+ rF+}
rPois   .          Reflect  +    u - +0 helmet
rElec   .          Harm     .    (no cloak)
rCorr   .          Rampage  .    (no gloves)
Will    .....                    (no boots)
Stlth   +++                      D - amulet of reflection
HPRegen 0.33/turn                B - ring of wizardry
MPRegen 0.12/turn                C - +6 ring of strength

@: no status effects
A: high MP 1, forlorn, divine attributes
a: no special abilities


You were on level 8 of the Dungeon.
You visited 1 branch of the dungeon, and saw 9 of its levels.

You collected 330 gold pieces.

Inventory:

Hand Weapons
 b - a +3 heavy long sword
 c - a +2 dagger of venom
Missiles
 p - 6 boomerangs
 v - 10 poisoned darts
 z - 3 silver boomerangs (quivered)
 L - 3 javelins
 O - a throwing net
 P - 7 curare-tipped darts
Armour
 a - a +0 leather armour
 m - a +0 buckler (worn)
 n - a +0 ring mail
 u - a +0 helmet (worn)
 F - a +0 chain mail
 J - a +2 robe of resistance (worn)
 K - a +0 pair of boots
Jewellery
 B - a ring of wizardry (left hand)
 C - a +6 ring of strength (right hand)
 D - an amulet of reflection (around neck)
 Q - a ring of poison resistance
Wands
 f - a wand of digging (3)
 E - a wand of flame (28)
 M - a wand of polymorph (4)
 R - a wand of iceblast (12)
Scrolls
 d - a scroll of fear
 g - a scroll of blinking {unknown}
 h - 2 scrolls of fog
 j - 7 scrolls of identify {unknown}
 k - a scroll of summoning {unknown}
 l - 2 scrolls of vulnerability {unknown}
 x - a scroll of enchant weapon {unknown}
 y - a scroll of immolation {unknown}
 A - 2 scrolls of noise {unknown}
 I - 2 scrolls of teleportation {unknown}
 N - a scroll of magic mapping
Potions
 e - 2 potions of haste
 i - 9 potions of curing
 o - 2 potions of brilliance
 q - a potion of lignification {unknown}
 r - 2 potions of heal wounds {unknown}
 s - 2 potions of flight {unknown}
 t - a potion of degeneration {unknown}
 w - 4 potions of mutation {unknown}
 G - a potion of attraction {unknown}
 H - a potion of might {unknown}


   Skills:
 + Level 6.9 Fighting
 + Level 2.4 Dodging
 - Level 4.5 Stealth
 * Level 11.9 Unarmed Combat


You had 4 spell levels left.
You knew the following spells:

 Your Spells              Type           Power      Damage    Failure   Level
a - Summon Small Mammal   Summ           0%         N/A       14%         1
b - Call Canine Familiar  Summ           0%         N/A       38%         3

Your spell library contained the following spells:

 Spells                   Type           Power      Damage    Failure   Level
 Summon Guardian Golem    Hex/Summ       0%         N/A       38%         3
 Animate Dead             Necr           0%         N/A       77%         4
 Haunt                    Necr/Summ      0%         N/A       100%        7
 Infestation              Necr           0%         N/A       100%        8


Dungeon Overview and Level Annotations

Branches:
Dungeon (9/15)             Temple (0/1) D:4            Lair (0/5) D:8
    Orc: D:9-12

Annotations:
D:2 Sigmund
D:3 Ijyb
D:9 Erica


Innate Abilities, Weirdness & Mutations

You have an increased reservoir of magic. (+10% MP)
You shall have no god before yourself.
Your divine heritage dramatically boosts your attributes as you level up.


Message History

You climb upwards.
There is a stone staircase leading down, spattered with blood here.
You hit the orc warrior but do no damage.
The orc warrior is lightly wounded.
The orc warrior hits you with a +0 halberd!!
* * * LOW HITPOINT WARNING * * *
You barely miss the orc warrior.
The orc warrior is lightly wounded.
Unknown command.
Unknown command.
Unknown command.
You closely miss the orc warrior.
The orc warrior is lightly wounded.
The orc warrior hits you with a +0 halberd.
* * * LOW HITPOINT WARNING * * *
Unknown command.
Unknown command.
Unknown command.
Unknown command.
You punch the orc warrior!
The orc warrior is severely wounded.
The orc warrior hits you with a +0 halberd!
* * * LOW HITPOINT WARNING * * *
Unknown command.
Unknown command.
Unknown command.
Unknown command.
Unknown command.
Press: ? - help, v - describe, . - travel, g - get item
Here: an orc warrior, wielding a +0 halberd and wearing a +0 chain mail (severely wounded, poisoned) Item here: a killer bee corpse.
The floor, spattered with blood.
Unknown command.
Unknown command.
Unknown command.
Unknown command.
You barely miss the orc warrior.
The orc warrior is severely wounded.
The orc warrior hits you with a +0 halberd!
You die...

######## #.... #......##
#.... #.##....######
#.... ####.##......)..#
#....
#....##.....###.###....
#.#####.....# #.#.'....
#.# #.....###.#.#....
#.## ##o....#..........
#.<###@†..........###..
#..#.†.....#<..#...≈...
#..#.#####.#..#..#...#.
##..#.####.....#.##...##
#.....#........#..PPP...
#....##.##.#...#≈...>.P.
#....'.....#...#...P.P..
##...##.####...#.##...##
######........#..#...#.


You could see an orc warrior (poisoned).

Vanquished Creatures
  Pikel (D:7)
  Grinder (D:3)
  3 yaks (D:8)
  Eustachio (D:6)
  Menkaure (D:5)
  2 water moccasins
  An ogre (D:4)
  2 ice beasts (D:7)
  A black bear (D:7)
  A centaur (D:9)
  2 phantoms
  A kobold brigand (D:8)
  2 scorpions
  A bullfrog (D:6)
  A necrophage (D:4)
  A gnoll sergeant (D:7)
  8 wights
  4 killer bees
  2 howler monkeys (D:4)
  3 hounds
  A jelly (D:6)
  3 orc priests
  3 gnoll boudas
  Natasha (thrice) (D:2)
  Terence (D:2)
  9 orc wizards
  5 iguanas
  25 gnolls
  5 adders
  A shadow imp (D:8)
  A white imp (D:5)
  2 ufetubi (D:6)
  A worm (D:2)
  33 orcs
  4 endoplasms
  3 giant cockroaches
  10 goblins
  4 hobgoblins
  8 jackals
  6 kobolds
  2 quokkas (D:4)
  3 ball pythons
  6 bats
  11 frilled lizards
  8 rats
197 creatures vanquished.

Vanquished Creatures (others)
  A gnoll (D:8)
  10 plants
11 creatures vanquished.

Grand Total: 208 creatures vanquished

Notes
Turn   | Place    | Note
-------+----------+-------------------------------------------
     0 | D:5      | drugrobin the Demigod Delver began the quest for the Orb.
     0 | D:5      | Reached XP level 1. HP: 18/18 MP: 3/3
    64 | D:3      | Reached skill level 2 in Unarmed Combat
   429 | D:1      | Reached XP level 2. HP: 16/25 MP: 4/4
   820 | D:1      | Reached skill level 3 in Unarmed Combat
  1200 | D:2      | Reached XP level 3. HP: 6/30 MP: 5/5
  1373 | D:2      | Noticed Natasha
  1390 | D:2      | Killed Natasha
  1506 | D:2      | Reached skill level 4 in Unarmed Combat
  1638 | D:2      | Noticed Natasha
  1646 | D:2      | Killed Natasha
  1647 | D:2      | Reached XP level 4. HP: 37/37 MP: 6/6
  1676 | D:2      | Noticed Terence
  1690 | D:2      | Killed Terence
  1910 | D:2      | Noticed Natasha
  1932 | D:2      | Killed Natasha
  1948 | D:2      | Reached skill level 5 in Unarmed Combat
  2158 | D:2      | Reached XP level 5. HP: 42/42 MP: 7/7
  2206 | D:2      | Noticed Sigmund
  2401 | D:3      | Noticed Ijyb
  2879 | D:3      | Noticed Grinder
  2890 | D:3      | Paralysed by Grinder for 2 turns
  2903 | D:3      | Killed Grinder
  2904 | D:3      | Reached skill level 6 in Unarmed Combat
  2904 | D:3      | Reached XP level 6. HP: 22/50 MP: 8/8
  3261 | D:4      | Found a staircase to the Ecumenical Temple.
  3352 | D:4      | Reached skill level 7 in Unarmed Combat
  3630 | D:4      | Reached XP level 7. HP: 36/56 MP: 9/9
  4338 | D:4      | Reached skill level 8 in Unarmed Combat
  4860 | D:5      | Noticed Menkaure
  4865 | D:5      | Killed Menkaure
  4866 | D:5      | Reached skill level 9 in Unarmed Combat
  4866 | D:5      | Reached XP level 8. HP: 62/62 MP: 10/10
  5283 | D:6      | Noticed Eustachio
  5299 | D:6      | Killed Eustachio
  5487 | D:6      | Reached skill level 10 in Unarmed Combat
  6295 | D:7      | Reached XP level 9. HP: 63/73 MP: 11/11
  6577 | D:7      | Reached skill level 5 in Fighting
  6737 | D:7      | Noticed Pikel
  6921 | D:7      | Killed Pikel
  6922 | D:7      | Reached skill level 11 in Unarmed Combat
  8074 | D:8      | Found a staircase to the Lair.
  8318 | D:8      | Learned a level 1 spell: Summon Small Mammal
  8322 | D:8      | Learned a level 3 spell: Call Canine Familiar
  8689 | D:9      | Noticed a two-headed ogre
  8703 | D:9      | Noticed Erica
  8963 | D:8      | Slain by an orc warrior

Illustrated notes

Levels and vault maps discovered:
D:1:      eino_arrival_tree_alley, layout_loops_ring,
          dreamdust_ecumenical_altar_angels_and_demons
D:2:      layout_loops_corners, minmay_lizard_king, uniq_terence, uniq_natasha,
          uniq_sigmund
D:3:      layout_loops_cross, minivault_19, uniq_grinder, uniq_ijyb
D:4:      layout_rooms, minmay_temple_entry_tees
D:5:      layout_cave_pools, nemelex_spade_bored_becter,
          minmay_misc_feat_plants, uniq_menkaure
D:6:      layout_basic, uniq_eustachio
D:7:      layout_loops_ring, uniq_pikel
D:8:      layout_basic, dpeg_oklobed_lair
D:9:      layout_long_grid, uniq_erica, uniq_psyche

Skill      XL: |  1  2  3  4  5  6  7  8  9 |
---------------+----------------------------+-----
Unarmed Combat | 2 3 4 5 6 7 9 10 11 | 11.9
Fighting       | 4 6 |  6.9
Dodging        | 2 |  2.4
Stealth        | |  4.5

Action                   |  1- 3 |  4- 6 |  7- 9 || total
-------------------------+-------+-------+-------++-------
Melee: Unarmed           |   162 |   147 |   446 ||   755
       Long sword        |     1 |     6 |     9 ||    16
       Dagger            |       |       |    19 ||    19
Throw: Dart              |     8 |    16 |     4 ||    28
       Boomerang         |     1 |    21 |    21 ||    43
Evoke: Wand              |       |       |     4 ||     4
  Use: Potion            |       |     2 |       ||     2
 Stab: Sleeping          |     4 |     4 |     1 ||     9
       Distracted        |       |       |     1 ||     1
Armor: Leather armour    |     8 |       |       ||     8
       Ring mail         |    35 |    43 |    32 ||   110
       Chain mail        |       |       |    29 ||    29
       Robe              |       |       |    45 ||    45
Dodge: Dodged            |    78 |    49 |   197 ||   324
Block: Buckler           |    17 |    29 |   153 ||   199
       Reflection        |       |       |     8 ||     8

Table legend: (Time is in decaauts)
 A = Elapsed time spent in this place.
 B = Non-inter-level travel time spent in this place.
 C = Inter-level travel time spent in this place.
 D = Time resting spent in this place.
 E = Time spent auto-exploring this place.
 F = Levels seen in this place.
 G = Mean time per level.
                   A        B        C        D        E       F      G
               +--------+--------+--------+--------+--------+-----+--------+
         Total |   8933 |   8605 |    328 |   1079 |   5272 |   9 |  992.6 |
       Dungeon |   8933 |   8605 |    328 |   1079 |   5272 |   9 |  992.6 |
               +--------+--------+--------+--------+--------+-----+--------+

Top non-repeatable levels by time:
     D:7: 1488 daAuts
     D:2: 1274 daAuts
     D:3: 1192 daAuts
     D:8: 1182 daAuts
     D:4: 1170 daAuts
     D:6: 923 daAuts
     D:1: 787 daAuts
     D:5: 688 daAuts
     D:9: 225 daAuts
